AoeStats
← gothsgothsgoths

Arabia

510031818Analyzed
3v3 RM · 4d ago on Sep 29, 2026· 34m 15s· 6 players
Game mode
Random Map
Map size
Normal (6 player)
Population
200
Speed
Normal
Resources
Standard
Victory
Conquest
Starting age
Dark Age
Ending age
Imperial Age
RankedLock teamsTeams togetherTeam positionsShared explorationLock speedFull tech treeHidden civsTurbo modeCheats
Victory
Defeat
🇺🇸 Bengalis · United States
1224
+12
🇺🇸 Romans · United States
1120
+16
🇺🇸 Malians · United States
1084
+17
🇨🇴 Poles · Colombia
1236
-19
🇨🇴 Mongols · Colombia
1135
-16
🇨🇴 Chinese · Colombia
983
-10
seo9902
6:02 Loom
8:59 Feudal Age
14:01 Scale Barding Armor
19:43 Double-Bit Axe
26:44 Castle Age
26:33 Fletching
28:19 Thumb Ring
31:55 Wheelbarrow
King_Gato
6:36 Loom
9:17 Feudal Age
9:58 Double-Bit Axe
13:55 Bloodlines
20:37 Castle Age
19:09 Scale Barding Armor
19:27 Horse Collar
21:06 Forging
21:42 Chain Barding Armor
23:27 Husbandry
Raktzer
0:27 Loom
11:20 Feudal Age
18:24 Padded Archer Armor
18:17 Fletching
21:15 Padded Archer Armor
23:29 Horse Collar
23:36 Double-Bit Axe
34:48 Castle Age
gothsgothsgoths
7:24 Loom
9:39 Feudal Age
12:22 Double-Bit Axe
16:03 Fletching
17:14 Padded Archer Armor
22:35 Castle Age
23:12 Bodkin Arrow
22:39 Crossbowman
23:26 Thumb Ring
24:03 Bow Saw
23:36 Horse Collar
26:12 Gold Mining
27:48 Ballistics
29:39 Wheelbarrow
29:23 Leather Archer Armor
29:39 Town Watch
30:31 Scale Barding Armor
30:39 Bloodlines
30:30 Husbandry
tomfreakncruz
6:35 Loom
9:17 Feudal Age
10:18 Double-Bit Axe
10:35 Horse Collar
14:03 Scale Mail Armor
25:17 Castle Age
24:43 Scale Barding Armor
24:49 Forging
24:30 Fletching
24:35 Gold Mining
26:39 Bow Saw
26:31 Heavy Plow
27:13 Bloodlines
27:04 Husbandry
30:14 Wheelbarrow
30:07 Chain Barding Armor
31:54 Hand Cart
31:38 Stone Mining
32:57 Town Watch
JimothyB
6:22 Loom
9:10 Feudal Age
10:00 Double-Bit Axe
11:05 Town Watch
15:22 Fletching
15:56 Horse Collar
17:20 Gold Mining
19:46 Wheelbarrow
22:17 Castle Age
23:18 Bow Saw
22:30 Crossbowman
23:35 Bodkin Arrow
25:33 Heavy Plow
26:06 Bloodlines
25:56 Husbandry
27:21 Padded Archer Armor
29:58 Leather Archer Armor
30:33 Ballistics
34:24 Stone Mining
Connection lost

Rejoining the realm…

Still unreachable

The connection could not be restored.

Session expired

The server has moved on; the page needs a fresh start.